 Dungeon Crawl Stone Soup version 0.28.0-53-g5a82cb258f (webtiles) character file.

Game seed: 4652205735812349173

1554 Lennethare the Vexing (level 8, -9/57 HPs)
             Began as a Green Draconian Conjurer on Aug 12, 2022.
             Was an Initiate of Vehumet.
             Mangled by a wyvern (12 damage)
             ... on level 6 of the Dungeon on Aug 13, 2022.
             The game lasted 00:40:06 (7756 turns).

Lennethare the Vexing (Green Draconian Conjurer)    Turns: 7756, Time: 00:40:07

Health: -9/57      AC:  7    Str: 11    XL:     8   Next: 57%
Magic:  3/11       EV: 12    Int: 18    God:    Vehumet [......]
Gold:   269        SH:  0    Dex: 11    Spells: 0/11 levels left

rFire   . . .      SeeInvis .   q - +2 flail (vorpal)
rCold   . . .      Faith    .   (no shield)
rNeg    . . .      Spirit   .   (armour unavailable)
rPois   +          Reflect  .   (helmet restricted)
rElec   .          Harm     .   (no cloak)
rCorr   .          Rampage  .   (no gloves)
Will    .....                   n - +0 pair of boots
Stlth   ++........              m - amulet of the acrobat
HPRegen 0.19/turn               (no ring)
MPRegen 0.12/turn               (no ring)

@: short of breath, very slightly contaminated
A: breathe noxious fumes, AC +6, unfitting armour, poison resistance,
cold-blooded
a: Breathe Noxious Fumes, Renounce Religion


You were on level 6 of the Dungeon.
You worshipped Vehumet.
Vehumet was noncommittal.
You visited 2 branches of the dungeon, and saw 7 of its levels.

You collected 430 gold pieces.
You spent 161 gold pieces at shops.

Inventory:

Hand Weapons
 a - a +0 short sword
 k - a +0 whip of draining
 q - a +2 vorpal flail (weapon)
 v - a +2 vampiric falchion
Missiles
 B - a throwing net
Armour
 n - a +0 pair of boots (worn)
Jewellery
 m - an amulet of the acrobat (around neck)
Wands
 p - a wand of iceblast (13)
 A - a wand of mindburst (16)
Scrolls
 d - 8 scrolls of identify
 e - 5 scrolls of teleportation {unknown}
 h - a scroll of magic mapping {unknown}
 i - a scroll of vulnerability {unknown}
 j - a scroll of blinking {unknown}
 l - a scroll of summoning {unknown}
 o - a scroll of enchant weapon {unknown}
 r - a scroll of torment {unknown}
 s - a scroll of brand weapon {unknown}
 t - 2 scrolls of holy word {unknown}
 y - a scroll of enchant armour {unknown}
Potions
 b - 2 potions of heal wounds
 c - 2 potions of curing
 f - a potion of haste {unknown}
 g - a potion of might {unknown}
 u - a potion of resistance {unknown}
 w - 3 potions of ambrosia
 x - a potion of berserk rage {unknown}
 z - 2 potions of magic {unknown}


   Skills:
 - Level 1.7 Dodging
 - Level 1.7 Stealth
 - Level 2.0 Spellcasting
 + Level 6.9 Conjurations
 - Level 7.0 Hexes
 + Level 5.7 Poison Magic


You couldn't memorise any spells.
You knew the following spells:

 Your Spells              Type           Power      Damage    Failure   Level
a - Magic Dart            Conj           100%       1d8       1%          1
b - Searing Ray           Conj           52%        2d6       1%          2
c - Fulminant Prism       Conj/Hex       13%        3d9       10%         4
d - Olgreb's Toxic Radia  Pois           22%        N/A       17%         4

Your spell library contained the following spells:

 Spells                   Type           Power      Damage    Failure   Level
 Slow                     Hex            100%       N/A       1%          1
 Confusing Touch          Hex            27%        N/A       3%          3
 Dazzling Flash           Conj/Hex       54%        N/A       3%          3
 Sting                    Tmut/Pois      48%        1d5       5%          1
 Poisonous Vapours        Pois/Air       24%        N/A       9%          2
 Spider Form              Tmut/Pois      12%        N/A       17%         3
 Beastly Appendage        Tmut           2%         N/A       19%         1
 Wereblood                Tmut           1%         N/A       26%         2
 Iskenderun's Mystic Bla  Conj/Tloc      14%        2d5       41%         4
 Vampiric Draining        Necr           1%         2d6       47%         3


Dungeon Overview and Level Annotations

Branches:
Dungeon (6/15)             Temple (1/1) D:5

Altars:
Elyvilon
Kikubaaqudgha
Makhleb
Nemelex Xobeh
Ru
Sif Muna
Vehumet
Wu Jian
Xom
The Shining One
Beogh

Shops:
D:3 *


Innate Abilities, Weirdness & Mutations

You can breathe blasts of noxious fumes.
Your lurid green scales are hard. (AC +6)
You cannot fit into any form of body armour.
Your system is resistant to poisons. (rPois)
You are cold-blooded and may be slowed by cold attacks.


Message History

You are very lightly contaminated with residual magic.
Strange energies run through your body.
You feel yourself slow down. The wyvern barely misses you.
The wyvern bites you!
Aiming: Breathe Noxious Fumes (4% risk of failure)
Press: ? - help, Shift-Dir - straight line You exhale a blast of noxious fumes.
The blast of choking fumes hits the wyvern.
The wyvern is lightly wounded.
The blast of choking fumes hits the iguana.
The iguana is lightly wounded.
The wyvern is engulfed in noxious fumes.
The wyvern appears confused.
The wyvern bites the iguana!
The iguana is engulfed in noxious fumes.
The iguana appears confused.
The wyvern is engulfed in noxious fumes.
The wyvern appears confused.
The wyvern bites you!
Casting: Fulminant Prism (dangerous; 10% risk of failure)
Confirm with . or Enter, or press ? or * to list all spells.
Aiming: Fulminant Prism (dangerous; 10% risk of failure)
Press: ? - help, Dir - move target You conjure a prism of explosive energy!
A fulminant prism comes into view.
The wyvern is engulfed in noxious fumes.
The wyvern bites you.
The wyvern bites itself but does no damage.
The iguana is engulfed in noxious fumes.
The iguana appears confused.
Casting: Fulminant Prism (dangerous; 10% risk of failure)
Confirm with . or Enter, or press ? or * to list all spells.
You don't have enough magic to cast this spell.
Unknown command.
You barely miss the wyvern.
The wyvern is lightly wounded.
You feel yourself speed up.
The wyvern is engulfed in noxious fumes.
The wyvern appears confused.
The wyvern bites you!
* * * LOW HITPOINT WARNING * * *
The wyvern is engulfed in noxious fumes.
The wyvern bites you!
You die...

.....................
#...........######..
#...........# #..
#...........# #.#
#...........# #.#
###.......### #..
#.####### ### #.# #@#
#l# #............#
#.....l*.....#
#.....○......#
#.....○......#
##############


You could see a wyvern (confused), an iguana (confused, ally target) and a
friendly fulminant prism.

Vanquished Creatures
  Edmund (D:4)
  2 black bears (D:5)
  2 ogres
  2 centaurs
  2 phantoms (D:5)
  A wyvern skeleton (D:6)
  A howler monkey (D:6)
  A bullfrog zombie (D:5)
  4 hounds
  A bullfrog skeleton (D:5)
  7 orc priests
  An iguana (D:4)
  3 orc wizards
  A hound skeleton (D:4)
  A howler monkey skeleton (D:5)
  3 gnolls (D:6)
  4 adders
  A worm (D:5)
  3 dart slugs
  21 orcs
  3 bats
  6 endoplasms
  5 giant cockroaches
  4 hobgoblins
  4 jackals (D:1)
  11 kobolds
  A quokka (D:4)
  13 ball pythons
  4 frilled lizards
  9 goblins
  5 rats
127 creatures vanquished.

Vanquished Creatures (others)
  5 fulminant prisms
  2 plants (D:5)
7 creatures vanquished.

Grand Total: 134 creatures vanquished

Notes
Turn   | Place    | Note
-------+----------+-------------------------------------------
     0 | D:1      | Lennethare the Draconian Conjurer began the quest for the
                  | Orb.
     0 | D:1      | Reached XP level 1. HP: 14/14 MP: 3/3
    62 | D:1      | Reached skill level 1 in Hexes
   302 | D:1      | Reached XP level 2. HP: 20/20 MP: 1/5
   510 | D:1      | Found a faded altar of an unknown god.
   540 | D:1      | Reached skill level 2 in Hexes
   657 | D:1      | Learned a level 2 spell: Searing Ray
  1015 | D:1      | Reached XP level 3. HP: 26/26 MP: 4/6
  1967 | D:2      | Reached skill level 3 in Hexes
  2382 | D:3      | Reached XP level 4. HP: 31/33 MP: 3/7
  2957 | D:3      | Reached skill level 4 in Hexes
  3104 | D:3      | Found Kithaarph's Assorted Antiques.
  3124 | D:3      | Bought a scroll labelled LEVOPP GIDISS for 23 gold pieces
  3124 | D:3      | Bought a fluorescent wand for 92 gold pieces
  3124 | D:3      | Bought a scroll labelled UDDUAXT OKYSO for 23 gold pieces
  3124 | D:3      | Bought a scroll labelled XYUF WYLIVEICK for 23 gold pieces
  3319 | D:4      | Noticed Edmund
  3338 | D:4      | Killed Edmund
  3339 | D:4      | Reached skill level 5 in Hexes
  3339 | D:4      | Reached XP level 5. HP: 15/38 MP: 3/8
  3413 | D:4      | Learned a level 4 spell: Fulminant Prism
  3720 | D:4      | Reached XP level 6. HP: 35/45 MP: 9/9
  4665 | D:4      | Reached skill level 6 in Hexes
  4852 | D:4      | Your scales start taking on a lurid green colour.
  4852 | D:4      | Reached XP level 7. HP: 50/50 MP: 1/10
  4852 | D:4      | Gained mutation: Your system is resistant to poisons.
                  | (rPois) [Green Draconian growth]
  5148 | D:4      | Reached skill level 5 in Conjurations
  5155 | D:4      | Reached skill level 1 in Poison Magic
  5308 | D:5      | Entered Level 5 of the Dungeon
  5324 | D:5      | Found a white marble altar of Elyvilon.
  5483 | D:5      | Reached skill level 7 in Hexes
  5649 | D:5      | Reached XP level 8. HP: 5/57 MP: 4/11
  6028 | D:5      | Learned a level 4 spell: Olgreb's Toxic Radiance
  6220 | D:5      | Found a staircase to the Ecumenical Temple.
  6244 | Temple   | Entered the Ecumenical Temple
  6253 | Temple   | Became a worshipper of Vehumet
  6269 | D:5      | Reached skill level 5 in Poison Magic
  7756 | D:6      | Mangled by a wyvern

Illustrated notes

Levels and vault maps discovered:
D:1:      scummos_arrival_simple_fountains, layout_rooms, serial_glass,
          glass_columns_a, glass_columns_a, basic_ecumenical_altar
D:2:      minmay_thinvault, layout_rooms
D:3:      layout_basic, serial_shops,
          nicolae_shop_temple_entry_statues_fountains, chequers_avenue
D:4:      minmay_door_path, layout_rooms, minmay_misc_feat_enclosed,
          nrook_campfire, minivault_25, grunt_ministairs_4, st_stairs_13,
          kennysheep_orc_chapel, uniq_edmund
D:5:      layout_layer_cave, nicolae_elyvilon_temple_path,
          minmay_temple_entry_waves, kennysheep_generic_room_16
D:6:      layout_basic, uniq_sigmund
Temple:   eino_temple_lava

Skill      XL: |  1  2  3  4  5  6  7  8 |
---------------+-------------------------+-----
Hexes          | 1 2 3 5 6 7 |  7.0
Conjurations   | 5 6 |  6.9
Poison Magic   | 3 5 |  5.7
Dodging        | |  1.7
Stealth        | |  1.7
Spellcasting   | |  2.0

Action                   |  1- 3 |  4- 6 |  7- 9 || total
-------------------------+-------+-------+-------++-------
Melee: Short sword       |    15 |       |       ||    15
       Tailslap          |     2 |     3 |    11 ||    16
       Whip              |    16 |    22 |       ||    38
       Flail             |       |    36 |    89 ||   125
       Punch             |       |     1 |       ||     1
 Cast: Magic Dart        |    78 |     1 |       ||    79
       Searing Ray       |     4 |    14 |    14 ||    32
       Fulminant Prism   |       |     1 |     5 ||     6
 Abil: Breathe Noxious F |       |       |     8 ||     8
Evoke: Wand              |       |     3 |       ||     3
  Use: Scroll            |       |       |     2 ||     2
 Stab: Sleeping          |       |     2 |     1 ||     3
       Confused          |       |       |     2 ||     2
Armor: Skin              |    14 |    20 |    49 ||    83
Dodge: Dodged            |    51 |    71 |    96 ||   218
